 Dungeon Crawl Stone Soup version 0.25.1-1-g288607f (webtiles) character file.

Game seed: 6085274999558192585

147 Jonnyslop the Chopper (level 5, -2/48 HPs)
             Began as a Hill Orc Fighter on July 23, 2020.
             Was a Plaything of Xom.
             Slain by a scorpion (5 damage)
             ... on level 4 of the Dungeon.
             The game lasted 00:05:22 (2907 turns).

Jonnyslop the Chopper (Hill Orc Fighter)            Turns: 2907, Time: 00:05:22

Health: -2/48      AC:  9    Str: 26    XL:     5   Next: 29%
Magic:  5/5        EV: 10    Int:  8    God:    Xom [..*...]
Gold:   130        SH:  0    Dex: 10    Spells: 4/4 levels left

rFire    . . .     SeeInvis .   a - +0 war axe
rCold    . . .     Gourm    .   (no shield)
rNeg     . . .     Faith    .   b - +0 scale mail
rPois    .         Spirit   .   (no helmet)
rElec    .         Reflect  .   (no cloak)
rCorr    .         Harm     .   j - +1 pair of gloves
MR       .....                  (no boots)
Stlth    ..........             i - amulet of inaccuracy (curse)
HPRegen  0.16/turn              r - +6 ring of strength (curse)
MPRegen  0.09/turn              (no ring)

@: lethally poisoned (-2 -> -17)
A: no striking features
a: Renounce Religion


You were on level 4 of the Dungeon.
You worshipped Xom.
You were a toy of Xom.
You were not hungry.

You visited 1 branch of the dungeon, and saw 4 of its levels.

You collected 130 gold pieces.

Inventory:

Hand Weapons
 a - a +0 war axe (weapon)
Missiles
 e - 27 poisoned darts (quivered)
Armour
 b - a +0 scale mail (worn)
 c - a +0 kite shield
 j - a +1 pair of gloves (worn)
Jewellery
 h - an uncursed amulet of reflection {unknown}
 i - a cursed amulet of inaccuracy (around neck)
 r - a cursed +6 ring of strength (left hand)
Wands
 q - a wand of random effects (18)
Scrolls
 o - 2 scrolls of enchant armour
 p - 4 scrolls of teleportation
Potions
 d - a potion of might
 g - 2 potions of heal wounds
 k - a potion of degeneration {unknown}
 l - 2 potions of curing
 m - a potion of flight {unknown}
 n - a potion of haste {unknown}
 s - 2 potions of invisibility
Comestibles
 f - 8 rations
 t - 6 chunks of flesh


   Skills:
 + Level 5.0 Fighting
 * Level 5.9 Axes
 - Level 3.2 Armour
 - Level 3.2 Shields


You had 4 spell levels left.
You didn't know any spells.
Your spell library contained the following spells:

 Spells                   Type           Power        Failure   Level  Hunger
 Magic Dart               Conj           #...         69%         1    ##.....
 Searing Ray              Conj           #.....       83%         2    ###....
 Dazzling Flash           Conj/Hex       #.....       96%         3    ####...
 Fulminant Prism          Conj/Hex       #.........   100%        4    #####..
 Iskenderun's Mystic Bla  Conj/Tloc      #.......     100%        4    #####..


Dungeon Overview and Level Annotations

Branches:
Dungeon (4/15)             Temple (0/1) D:4

Altars:
Cheibriados
Fedhas
Makhleb
Okawaru
Ru
Sif Muna
Xom

Annotations:
D:4 exclusion: 3 doors


Message History

You closely miss the scorpion.
The scorpion is severely wounded.
You feel sick. The scorpion stings you.
* * * LOW HITPOINT WARNING * * *
The scorpion stings you but does no damage.
You barely miss the scorpion.
The scorpion is severely wounded.
* * * LOW HITPOINT WARNING * * *
You feel sick. The scorpion stings you.
* * * LOW HITPOINT WARNING * * *
You closely miss the scorpion.
The scorpion is severely wounded.
* * * LOW HITPOINT WARNING * * *
You feel sick.
The scorpion stings you but does no damage.
You closely miss the scorpion.
The scorpion is severely wounded.
* * * LOW HITPOINT WARNING * * *
You feel sick. The scorpion stings you.
You die...

.....## .##..# .....#
. ..#..# ....# .#
#....## ....##.
###...# #..... ##..###
#....# ...## ###
##..#.# ##.#
#.###.....##### ##.#
#......@s....<# ##.#
#.#.#..######.# ##.##
##.#.(รท##
###.#####.(.#(## #
#......##(#(# #
#.####.##.(.##
###.####.##..))######
......................
......................


You could see a scorpion.

Vanquished Creatures
  A hound (D:4)
  An iguana (D:4)
  3 adders
  An adder skeleton (D:4)
  A worm (D:2)
  2 dart slugs
  3 leopard geckos (D:1)
  An orc (D:3)
  3 ball pythons
  4 giant cockroaches
  6 goblins
  9 hobgoblins
  2 jackals (D:2)
  5 kobolds
  3 quokkas
  A bat (D:2)
  2 frilled lizards (D:1)
  7 rats
55 creatures vanquished.

Notes
Turn   | Place    | Note
-------+----------+-------------------------------------------
     0 | D:1      | Jonnyslop the Hill Orc Fighter began the quest for the Orb.
     0 | D:1      | Reached XP level 1. HP: 19/19 MP: 1/1
   153 | D:1      | Reached XP level 2. HP: 27/27 MP: 2/2
   470 | D:1      | Reached XP level 3. HP: 28/33 MP: 3/3
   858 | D:2      | Found a shimmering altar of Xom.
   873 | D:2      | Became a worshipper of Xom the Tricky
  1498 | D:2      | XOM: divination: detect creatures
  1582 | D:2      | XOM: divination: magic mapping
  1640 | D:2      | Reached XP level 4. HP: 38/41 MP: 4/4
  1757 | D:2      | XOM: silly message
  2032 | D:3      | Reached skill level 5 in Axes
  2244 | D:3      | Found a blossoming altar of Fedhas.
  2517 | D:3      | Found an iron altar of Okawaru.
  2518 | D:3      | Found a sacrificial altar of Ru.
  2608 | D:4      | XOM: noise
  2689 | D:4      | Found a staircase to the Ecumenical Temple.
  2713 | D:4      | Found a shimmering blue altar of Sif Muna.
  2760 | D:4      | Found a burning altar of Makhleb.
  2762 | D:4      | Found a snail-covered altar of Cheibriados.
  2848 | D:4      | Reached skill level 5 in Fighting
  2848 | D:4      | Reached XP level 5. HP: 47/48 MP: 5/5
  2907 | D:4      | Slain by a scorpion

Illustrated notes

Levels and vault maps discovered:
D:1:      nicolae_arrival_washed_ashore, layout_rooms
D:2:      layout_basic, lemuel_crystal_altar, first_ration
D:3:      layout_basic, fedhas_altar_4, gammafunk_temple_overflow_statue
D:4:      minmay_goblin_kobold_castle, layout_rooms, led_sif_book, minitemple,
          minmay_temple_entry_large_hall, chequers_decorated_corner,
          corexii_leaking_fountain, minmay_joined_circles, uniq_ijyb

Skill      XL: |  1  2  3  4 |
---------------+-------------+-----
Axes           | 3 4 5 |  5.9
Fighting       | 4 5 |  5.0
Armour         | |  3.2
Shields        | |  3.2

Action                   |  1- 3 |  4- 6 || total
-------------------------+-------+-------++-------
Melee: War axe           |   113 |    82 ||   195
  Use: Scroll            |     3 |     5 ||     8
  Eat: Chunk             |     2 |     2 ||     4
       Ration            |       |     1 ||     1
Armor: Scale mail        |    57 |    51 ||   108
Dodge: Dodged            |    51 |    54 ||   105
Block: Kite shield       |    20 |       ||    20
